Tamiflu vs Atomiques
(R1)
Created - 23 novembre 2013 at 22:40
Goals
|
| Tamiflu |
2 |
2 |
1 |
5 |
| Atomiques |
0 |
1 |
0 |
1 |
|
Shots
|
| Tamiflu |
13 |
13 |
5 |
31 |
| Atomiques |
4 |
11 |
12 |
27 |
|
1st period
1. Tamiflu , David Clarkson 7 (Nathan Oystrick, Mike McKenna) at 9:54
2. Tamiflu , Alex Picard 14 (Nate Thompson) at 19:54 (PP)
Penalties :
Jani Rita (Det) for High sticking (Minor) at 3:14, Pascal Pelletier (STB) for Slashing (Minor) at 5:22, Drew Larman (STB) for High sticking (Minor) at 12:08, Brandon Dubinsky (STB) for Hooking (Minor) at 18:29
2nd period
3. Tamiflu , Carson Mcmillan 1 (Pavel Trnka, Radek Bonk) at 6:21
4. Atomiques , Ryan Shannon 2 (John Zeiler) at 7:38 (PP)
5. Tamiflu , Greg Mauldin 3 (Petr Pohl, Johan Fransson) at 11:18
Penalties :
Jan Mursak (Det) for Holding (Minor) at 7:12, Scott Jackson (STB) for Holding (Minor) at 9:06, John Carlson (STB) for Tripping (Minor) at 18:52, Jonathan Sigalet (Det) for Diving (Minor) at 18:52
3rd period
6. Tamiflu , Adam Henrique 6 (David Clarkson, Alex Picard) at 10:48
Penalties :
Mike Brown (Det) for Charging (Minor) at 2:17, Luke Schenn (STB) for Fighting (Major) at 11:38, Greg Mauldin (Det) for Fighting (Major) at 11:38
Goalie Stats
Mike McKenna (Det), 26 saves from 27 shots - (0,963), W, 7-2-3, 60:00 minutes
Mark Dekanich (STB), 26 saves from 31 shots - (0,839), L, 2-6-0, 60:00 minutes
Players Stats for Tamiflu
Player Name G A P +/- PIM S H SB GA TA FO MP PP MP PK MP
------------------------------------------------------------------------------------
Adam Henrique 1 0 1 2 0 1 0 0 0 0 7/9 16:40 0:40 0:00
Alex Picard 1 1 2 1 0 5 2 0 0 1 0/1 23:41 4:01 2:25
Carson Mcmillan 1 0 1 1 0 2 1 0 0 0 0/0 13:15 0:10 0:00
David Clarkson 1 1 2 1 0 2 3 0 1 0 0/0 14:38 3:18 1:13
Greg Mauldin 1 0 1 1 5 1 0 0 0 0 1/3 8:37 0:00 1:06
Jan Mursak 0 0 0 1 2 0 0 1 0 0 0/0 9:17 0:03 0:37
Jani Rita 0 0 0 0 2 2 1 0 2 0 0/0 6:12 2:24 0:00
Johan Fransson 0 1 1 2 0 0 1 0 0 1 0/0 14:28 0:07 0:00
Jonathan Sigalet 0 0 0 1 2 4 3 1 0 0 0/0 25:53 4:27 2:22
Jordan Hendry 0 0 0 1 0 1 2 0 0 0 0/0 19:39 2:48 2:02
Kyle Lawson 0 0 0 2 0 0 0 0 0 1 0/0 12:16 0:07 0:00
Mike Brown 0 0 0 1 2 3 5 1 0 0 0/2 18:27 3:54 0:00
Nate Thompson 0 1 1 1 0 1 2 0 2 0 16/37 21:19 3:54 1:13
Nathan Oystrick 0 1 1 1 0 0 0 3 1 0 0/0 19:39 2:48 2:02
Nick Spaling 0 0 0 1 0 0 0 0 1 0 0/0 10:38 0:00 0:00
Pavel Trnka 0 1 1 1 0 7 3 4 1 2 0/0 28:05 4:27 2:22
Petr Pohl 0 1 1 1 0 0 4 0 0 0 0/1 11:41 0:24 0:00
Radek Bonk 0 1 1 1 0 2 1 0 1 0 8/10 19:07 3:18 2:14
Players Stats for Atomiques
Player Name G A P +/- PIM S H SB GA TA FO MP PP MP PK MP
------------------------------------------------------------------------------------
Alexandre Daigle 0 0 0 -1 0 3 2 1 0 0 0/2 17:02 2:31 0:00
Brad Winchester 0 0 0 0 0 0 0 0 1 0 0/0 6:38 0:52 0:50
Brandon Dubinsky 0 0 0 -1 2 5 1 0 1 1 20/28 21:43 2:20 1:47
Brendon Nash 0 0 0 -1 0 2 0 2 0 3 0/0 24:28 2:00 2:55
Brett Sutter 0 0 0 -1 0 1 0 0 0 0 2/8 9:59 0:00 0:00
Daniel Tjarnqvist 0 0 0 -1 0 2 3 0 0 0 0/0 15:42 1:10 0:00
Drew Larman 0 0 0 0 2 1 0 0 0 0 1/2 9:05 0:00 0:00
John Carlson 0 0 0 -3 2 3 2 4 0 2 0/0 23:33 2:24 4:27
John Zeiler 0 1 1 -1 0 2 2 1 0 0 1/2 17:43 1:53 2:12
Kenndal McArdle 0 0 0 -3 0 0 0 1 0 0 0/0 17:17 0:33 1:48
Linus Omark 0 0 0 -1 0 1 4 0 1 0 1/2 24:10 2:20 3:47
Luke Schenn 0 0 0 -2 5 0 0 0 0 2 0/0 16:10 1:54 2:55
Mattias Ohlund 0 0 0 -1 0 0 3 3 0 0 0/0 19:05 1:14 4:13
Pascal Pelletier 0 0 0 -1 2 1 1 0 0 0 0/0 10:33 0:00 0:33
Ryan MacMurchy 0 0 0 0 0 0 1 0 1 0 0/0 8:59 0:00 0:00
Ryan Shannon 1 0 1 -1 0 5 0 0 1 0 2/2 10:49 0:50 0:00
Scott Jackson 0 0 0 -1 2 1 1 2 0 0 0/0 17:45 0:06 0:14
Tyler Brenner 0 0 0 -1 0 0 1 1 0 1 4/17 19:52 1:53 3:47
3 Stars
1 - David Clarkson (Det)
2 - Alex Picard (Det)
3 - Mike McKenna (Det)
Power Play
Tamiflu - 1 on 4 Attempt(s) - 25,00%
Atomiques - 1 on 3 Attempt(s) - 33,33%
Penalty Kill
Tamiflu - 2 on 3 Attempt(s) - 66,67%
- Score 0 goal in Penalty Kill
Atomiques - 3 on 4 Attempt(s) - 75,00%
- Score 0 goal in Penalty Kill
Official
Referees : Pollock Kevin and Joannette Marc
Linesman : David Brisebois and Brad Kovachik
Game Notes
Jani Rita is injured at 19:36 of 1st period (Sprained Left Finger)
Brad Winchester is injured at 5:46 of 2nd period (Bruised Right Shoulder)
Mattias Ohlund is injured at 0:27 of 3rd period (Fractured Bone in Right Hand)
Luke Schenn beats up Greg Mauldin at 11:38 of 3rd period
Finance
Level 1 -- Attendance: 1577 (78,85%) -- Ticket Income 55 195 $
Level 2 -- Attendance: 659 (65,90%) -- Ticket Income 9 885 $
Total Attendance: 2236 (74,53%)
Total Ticket Income: 65 080 $
Other Income: 3 254 $
Total Income: 68 334 $
Tamiflu
5 vs 5 Forward
Center Left Wing Right Wing Time % Phy DF OF
1 Nate Thompson Alex Picard Mike Brown 40 1 2 2
2 Radek Bonk Jani Rita Carson Mcmillan 30 1 2 2
3 Adam Henrique Nick Spaling David Clarkson 25 1 2 2
4 Greg Mauldin Jan Mursak Petr Pohl 5 1 2 2
5 vs 5 Defense
Defense Defense Time % Phy DF OF
1 Jonathan Sigalet Pavel Trnka 40 1 2 2
2 Nathan Oystrick Jordan Hendry 30 1 2 2
3 Kyle Lawson Johan Fransson 20 1 2 2
4 Jonathan Sigalet Pavel Trnka 10 1 2 2
PowerPlay Forward
Center Left Wing Right Wing Time % Phy DF OF
1 Nate Thompson Alex Picard Mike Brown 60 0 1 4
2 Radek Bonk Jani Rita David Clarkson 40 0 1 4
PowerPlay Defense
Defense Defense Time % Phy DF OF
1 Jonathan Sigalet Pavel Trnka 70 0 2 3
2 Nathan Oystrick Jordan Hendry 30 0 2 3
Penalty Kill 4 Players Forward
Center Wing Time % Phy DF OF
1 Radek Bonk Alex Picard 60 1 4 0
2 Nate Thompson David Clarkson 40 1 4 0
Penalty Kill 4 Players Defense
Defense Defense Time % Phy DF OF
1 Jonathan Sigalet Pavel Trnka 60 1 4 0
2 Nathan Oystrick Jordan Hendry 40 1 4 0
Penalty Kill - 3 Players Forward
Forward Time % Phy DF OF
1 Radek Bonk 60 1 4 0
2 Nate Thompson 40 1 4 0
Penalty Kill - 3 Players Defense
Defense Defense Time % Phy DF OF
1 Jonathan Sigalet Pavel Trnka 60 1 4 0
2 Nathan Oystrick Jordan Hendry 40 1 4 0
4 vs 4 Forward
Center Wing Time % Phy DF OF
1 Nate Thompson Alex Picard 60 1 2 2
2 Radek Bonk Mike Brown 40 1 2 2
4 vs 4 Defense
Defense Defense Time % Phy DF OF
1 Jonathan Sigalet Pavel Trnka 60 1 2 2
2 Nathan Oystrick Jordan Hendry 40 1 2 2
Last Minutes Offensive
Center Left Wing Right Wing Defense Defense
Nate Thompson Alex Picard Mike Brown Jonathan Sigalet Pavel Trnka
Last Minutes Defensive
Center Left Wing Right Wing Defense Defense
Radek Bonk Alex Picard David Clarkson Jonathan Sigalet Pavel Trnka
Goaltenders
Starting : Mike McKenna
Backup : Thomas Greiss
Extra Forwards
Normal : Adam Henrique, Petr Pohl, Radek Bonk - PP : Adam Henrique, Petr Pohl - PK : Greg Mauldin
Extra Defensemen
Normal : Johan Fransson, Kyle Lawson, Jordan Hendry - PP : Johan Fransson - PK : Johan Fransson, Kyle Lawson
Penalty Shots
Radek Bonk, Jani Rita, Jonathan Sigalet, Carson Mcmillan, David Clarkson
Atomiques
5 vs 5 Forward
Center Left Wing Right Wing Time % Phy DF OF
1 Brandon Dubinsky Linus Omark Alexandre Daigle 40 1 2 2
2 Tyler Brenner Brad Winchester John Zeiler 30 1 2 2
3 Brett Sutter Kenndal McArdle Ryan Shannon 20 1 2 2
4 Drew Larman Pascal Pelletier Ryan MacMurchy 10 1 2 2
5 vs 5 Defense
Defense Defense Time % Phy DF OF
1 Mattias Ohlund Brendon Nash 40 1 2 2
2 John Carlson Luke Schenn 30 1 2 2
3 Daniel Tjarnqvist Scott Jackson 20 1 2 2
4 Mattias Ohlund Brendon Nash 10 1 2 2
PowerPlay Forward
Center Left Wing Right Wing Time % Phy DF OF
1 Brandon Dubinsky Linus Omark Alexandre Daigle 60 1 2 2
2 Tyler Brenner Brad Winchester John Zeiler 40 1 2 2
PowerPlay Defense
Defense Defense Time % Phy DF OF
1 Mattias Ohlund John Carlson 60 1 2 2
2 Brendon Nash Luke Schenn 40 1 2 2
Penalty Kill 4 Players Forward
Center Wing Time % Phy DF OF
1 Tyler Brenner Linus Omark 60 1 2 2
2 Brandon Dubinsky John Zeiler 40 1 2 2
Penalty Kill 4 Players Defense
Defense Defense Time % Phy DF OF
1 Mattias Ohlund John Carlson 60 1 2 2
2 Brendon Nash Luke Schenn 40 1 2 2
Penalty Kill - 3 Players Forward
Forward Time % Phy DF OF
1 Linus Omark 60 1 2 2
2 Brad Winchester 40 1 2 2
Penalty Kill - 3 Players Defense
Defense Defense Time % Phy DF OF
1 Mattias Ohlund John Carlson 60 1 2 2
2 Brendon Nash Luke Schenn 40 1 2 2
4 vs 4 Forward
Center Wing Time % Phy DF OF
1 Brandon Dubinsky Linus Omark 60 1 2 2
2 Tyler Brenner John Zeiler 40 1 2 2
4 vs 4 Defense
Defense Defense Time % Phy DF OF
1 Mattias Ohlund John Carlson 60 1 2 2
2 Brendon Nash Luke Schenn 40 1 2 2
Last Minutes Offensive
Center Left Wing Right Wing Defense Defense
Brandon Dubinsky Brad Winchester Linus Omark Mattias Ohlund John Carlson
Last Minutes Defensive
Center Left Wing Right Wing Defense Defense
Brandon Dubinsky Brad Winchester Linus Omark Mattias Ohlund Brendon Nash
Goaltenders
Starting : Mark Dekanich
Backup : Jeremy Smith
Extra Forwards
Normal : Linus Omark, Brandon Dubinsky, Kenndal McArdle - PP : Ryan Shannon, Brandon Dubinsky - PK : Kenndal McArdle
Extra Defensemen
Normal : John Carlson, Scott Jackson, Brendon Nash - PP : John Carlson - PK : Scott Jackson, Brendon Nash
Penalty Shots
Alexandre Daigle, Brad Winchester, Brandon Dubinsky, John Zeiler, Linus Omark
% Time on Ice - Tamiflu
Lines # - Real PCT - Wanted PCT - Time Play
Normal Forward
1 - 30% - 40% - 14:04
2 - 29% - 30% - 13:13
3 - 23% - 25% - 10:38
4 - 18% - 5% - 8:20
Normal Defense
1 - 40% - 40% - 18:43
2 - 32% - 30% - 14:49
3 - 26% - 20% - 11:56
4 - 2% - 10% - 0:47
PP Forward
1 - 53% - 60% - 3:54
2 - 47% - 40% - 3:28
PP Defense
1 - 62% - 70% - 4:34
2 - 38% - 30% - 2:48
PK Forward
1 - 72% - 60% - 3:11
2 - 28% - 40% - 1:13
PK Defense
1 - 54% - 60% - 2:22
2 - 46% - 40% - 2:02
PK3 Forward
1 - 0% - 60%
2 - 0% - 40%
PK3 Defense
1 - 0% - 60%
2 - 0% - 40%
44 Forward
1 - 100% - 60% - 1:59
2 - 0% - 40% - 0:00
44 Defense
1 - 100% - 60% - 1:59
2 - 0% - 40% - 0:00
Last Minute Offensive - 0:00
Last Minute Defensive - 0:00
Total
Forward - 60:00
Defense - 60:00
|
% Time on Ice - Atomiques
Lines # - Real PCT - Wanted PCT - Time Play
Normal Forward
1 - 30% - 40% - 13:39
2 - 29% - 30% - 13:38
3 - 22% - 20% - 9:59
4 - 19% - 10% - 8:59
Normal Defense
1 - 44% - 40% - 20:25
2 - 30% - 30% - 14:05
3 - 20% - 20% - 9:26
4 - 5% - 10% - 2:19
PP Forward
1 - 53% - 60% - 2:20
2 - 47% - 40% - 2:04
PP Defense
1 - 57% - 60% - 2:30
2 - 43% - 40% - 1:54
PK Forward
1 - 70% - 60% - 5:10
2 - 30% - 40% - 2:12
PK Defense
1 - 60% - 60% - 4:27
2 - 40% - 40% - 2:55
PK3 Forward
1 - 0% - 60%
2 - 0% - 40%
PK3 Defense
1 - 0% - 60%
2 - 0% - 40%
44 Forward
1 - 100% - 60% - 1:59
2 - 0% - 40% - 0:00
44 Defense
1 - 100% - 60% - 1:59
2 - 0% - 40% - 0:00
Last Minute Offensive - 0:00
Last Minute Defensive - 0:00
Total
Forward - 60:00
Defense - 60:00
|
Play by Play
1st period
0:01 of 1st period - Brandon Dubinsky wins face-off versus Nate Thompson in neutral zone.
0:05 of 1st period - Icing by Jonathan Sigalet.
0:06 of 1st period - Brandon Dubinsky wins face-off versus Nate Thompson in Tamiflu zone.
0:07 of 1st period - Snap shot by Alexandre Daigle.
0:07 of 1st period - Stopped by Mike McKenna with a rebound.
0:39 of 1st period - Wrist shot by Jani Rita.
0:39 of 1st period - Stopped by Mark Dekanich without a rebound.
0:40 of 1st period - Adam Henrique wins face-off versus Tyler Brenner in Atomiques zone.
1:13 of 1st period - Snap shot by John Zeiler.
1:13 of 1st period - Shot Blocked by Nathan Oystrick.
1:32 of 1st period - Snap shot by John Zeiler.
1:32 of 1st period - Stopped by Mike McKenna with a rebound.
1:52 of 1st period - Snap shot by David Clarkson.
1:52 of 1st period - Deflect By Tyler Brenner.
1:52 of 1st period - Stopped by Mark Dekanich with a rebound.
1:54 of 1st period - Slapshot by Pavel Trnka.
1:54 of 1st period - Deflect By Daniel Tjarnqvist.
1:54 of 1st period - Stopped by Mark Dekanich with a rebound.
1:56 of 1st period - Slapshot by Pavel Trnka.
1:56 of 1st period - Shot Misses the Net.
1:58 of 1st period - Slapshot by Pavel Trnka.
1:58 of 1st period - Shot Blocked by John Zeiler.
2:00 of 1st period - Slapshot by Jonathan Sigalet.
2:00 of 1st period - Stopped by Mark Dekanich without a rebound.
2:01 of 1st period - Radek Bonk wins face-off versus Brett Sutter in Atomiques zone.
2:02 of 1st period - Wrist shot by Jani Rita.
2:02 of 1st period - Stopped by Mark Dekanich without a rebound.
2:03 of 1st period - Radek Bonk wins face-off versus Brett Sutter in Atomiques zone.
2:07 of 1st period - Icing by John Carlson.
2:08 of 1st period - Radek Bonk wins face-off versus Brett Sutter in Atomiques zone.
2:15 of 1st period - Wrist shot by Ryan Shannon.
2:15 of 1st period - Shot Blocked by Jonathan Sigalet.
2:47 of 1st period - Wrist shot by Radek Bonk.
2:47 of 1st period - Stopped by Mark Dekanich with a rebound.
2:49 of 1st period - Snap shot by Radek Bonk.
2:49 of 1st period - Stopped by Mark Dekanich with a rebound.
2:51 of 1st period - Slapshot by Radek Bonk.
2:51 of 1st period - Shot Blocked by Kenndal McArdle.
2:53 of 1st period - Wrist shot by Carson Mcmillan.
2:53 of 1st period - Shot Blocked by John Carlson.
2:59 of 1st period - Slapshot by Radek Bonk.
2:59 of 1st period - Shot Misses the Net.
3:14 of 1st period - Minor Penalty to Jani Rita for High sticking.
3:15 of 1st period - Brandon Dubinsky wins face-off versus Greg Mauldin in Tamiflu zone.
3:18 of 1st period - Snap shot by Alexandre Daigle.
3:18 of 1st period - Deflect By Linus Omark.
3:18 of 1st period - Shot Misses the Net.
3:18 of 1st period - Puck is out of play.
3:19 of 1st period - Brandon Dubinsky wins face-off versus Greg Mauldin in Tamiflu zone.
4:36 of 1st period - John Zeiler is hit by David Clarkson and loses puck.
5:14 of 1st period - Penalty to Jani Rita is over, Jani Rita is back on ice.
5:22 of 1st period - Minor Penalty to Pascal Pelletier for Slashing.
5:23 of 1st period - Nate Thompson wins face-off versus Tyler Brenner in Atomiques zone.
5:32 of 1st period - Wrist shot by Nate Thompson.
5:32 of 1st period - Stopped by Mark Dekanich with a rebound.
5:34 of 1st period - Snap shot by Mike Brown.
5:34 of 1st period - Stopped by Mark Dekanich without a rebound.
5:35 of 1st period - Nate Thompson wins face-off versus Tyler Brenner in Atomiques zone.
6:02 of 1st period - Jonathan Sigalet is hit by Mattias Ohlund and loses puck.
6:21 of 1st period - Tyler Brenner is hit by Jordan Hendry and loses puck.
7:22 of 1st period - Penalty to Pascal Pelletier is over, Pascal Pelletier is back on ice.
7:48 of 1st period - Slapshot by John Carlson.
7:48 of 1st period - Deflect By Linus Omark.
7:48 of 1st period - Shot Misses the Net.
7:48 of 1st period - Puck is out of play.
7:49 of 1st period - Brett Sutter wins face-off versus Adam Henrique in Tamiflu zone.
8:16 of 1st period - Slapshot by Brendon Nash.
8:16 of 1st period - Shot Blocked by Nathan Oystrick.
8:28 of 1st period - Nathan Oystrick is hit by Linus Omark and loses puck.
8:39 of 1st period - Wrist shot by John Zeiler.
8:39 of 1st period - Shot Misses the Net.
8:41 of 1st period - Snap shot by Tyler Brenner.
8:41 of 1st period - Shot Blocked by Jan Mursak.
8:43 of 1st period - Snap shot by John Zeiler.
8:43 of 1st period - Shot Hit the Post.
8:53 of 1st period - Brett Sutter is hit by Nate Thompson and loses puck.
9:18 of 1st period - Nathan Oystrick is hit by Daniel Tjarnqvist and loses puck.
9:29 of 1st period - Nathan Oystrick is hit by Alexandre Daigle and loses puck.
9:54 of 1st period - Wrist shot by David Clarkson.
9:54 of 1st period - Goal by David Clarkson - Tamiflu : 1 - Atomiques : 0.
9:55 of 1st period - Brandon Dubinsky wins face-off versus Nate Thompson in neutral zone.
10:24 of 1st period - John Zeiler is hit by Pavel Trnka and loses puck.
10:43 of 1st period - Wrist shot by Ryan Shannon.
10:43 of 1st period - Shot Hit the Post.
11:15 of 1st period - Wrist shot by Alexandre Daigle.
11:15 of 1st period - Stopped by Mike McKenna with a rebound.
11:18 of 1st period - Icing by Nate Thompson.
11:19 of 1st period - John Zeiler wins face-off versus Nate Thompson in Tamiflu zone.
11:39 of 1st period - Kyle Lawson is hit by John Zeiler.
12:08 of 1st period - Minor Penalty to Drew Larman for High sticking.
12:09 of 1st period - Tyler Brenner wins face-off versus Nate Thompson in Atomiques zone.
12:09 of 1st period - Tyler Brenner is hit by Mike Brown.
12:41 of 1st period - Wrist shot by Jani Rita.
12:41 of 1st period - Shot Misses the Net.
12:43 of 1st period - Snap shot by Radek Bonk.
12:43 of 1st period - Shot Misses the Net.
12:45 of 1st period - Wrist shot by Radek Bonk.
12:45 of 1st period - Shot Blocked by John Carlson.
13:59 of 1st period - Jani Rita is hit by John Carlson and loses puck.
14:08 of 1st period - Penalty to Drew Larman is over, Drew Larman is back on ice.
14:46 of 1st period - Snap shot by Ryan Shannon.
14:46 of 1st period - Shot Blocked by Mike Brown.
15:37 of 1st period - Nathan Oystrick is hit by Daniel Tjarnqvist and loses puck.
16:15 of 1st period - Pascal Pelletier is hit by Jani Rita and loses puck.
16:49 of 1st period - Nate Thompson is hit by Tyler Brenner.
16:53 of 1st period - Johan Fransson is hit by Mattias Ohlund and loses puck.
17:15 of 1st period - Snap shot by Brandon Dubinsky.
17:15 of 1st period - Deflect By Linus Omark.
17:15 of 1st period - Stopped by Mike McKenna without a rebound.
17:16 of 1st period - Radek Bonk wins face-off versus Brandon Dubinsky in Tamiflu zone.
18:00 of 1st period - Icing by David Clarkson.
18:01 of 1st period - Adam Henrique wins face-off versus Brett Sutter in Tamiflu zone.
18:29 of 1st period - Minor Penalty to Brandon Dubinsky for Hooking.
18:30 of 1st period - Tyler Brenner wins face-off versus Nate Thompson in Atomiques zone.
18:43 of 1st period - Wrist shot by Mike Brown.
18:43 of 1st period - Deflect By Nate Thompson.
18:43 of 1st period - Shot Blocked by John Carlson.
18:43 of 1st period - Puck is out of play.
18:44 of 1st period - Nate Thompson wins face-off versus Tyler Brenner in Atomiques zone.
18:45 of 1st period - Wrist shot by Alex Picard.
18:45 of 1st period - Stopped by Mark Dekanich with a rebound.
19:35 of 1st period - Jani Rita is hit by John Zeiler.
19:36 of 1st period - Jani Rita from Tamiflu is injured at 19:36 of 1st period (Sprained Left Finger).
19:37 of 1st period - Nate Thompson wins face-off versus Tyler Brenner in Tamiflu zone.
19:37 of 1st period - Nate Thompson is hit by Mattias Ohlund.
19:40 of 1st period - Icing by Mike Brown.
19:41 of 1st period - Tyler Brenner wins face-off versus Nate Thompson in Tamiflu zone.
19:48 of 1st period - Wrist shot by Mike Brown.
19:48 of 1st period - Shot Misses the Net.
19:50 of 1st period - Slapshot by Jonathan Sigalet.
19:50 of 1st period - Shot Misses the Net.
19:52 of 1st period - Slapshot by Jonathan Sigalet.
19:52 of 1st period - Stopped by Mark Dekanich without a rebound.
19:53 of 1st period - Nate Thompson wins face-off versus Tyler Brenner in Atomiques zone.
19:54 of 1st period - Slapshot by Alex Picard.
19:54 of 1st period - Goal by Alex Picard - Tamiflu : 2 - Atomiques : 0.
19:55 of 1st period - Nate Thompson wins face-off versus Brandon Dubinsky in neutral zone.
2nd period
0:01 of 2nd period - Brandon Dubinsky wins face-off versus Nate Thompson in neutral zone.
0:08 of 2nd period - Wrist shot by Alexandre Daigle.
0:08 of 2nd period - Shot Blocked by Pavel Trnka.
0:14 of 2nd period - Wrist shot by Alex Picard.
0:14 of 2nd period - Deflect By Mike Brown.
0:14 of 2nd period - Stopped by Mark Dekanich with a rebound.
0:48 of 2nd period - Slapshot by Ryan Shannon.
0:48 of 2nd period - Shot Misses the Net.
0:50 of 2nd period - Snap shot by Ryan Shannon.
0:50 of 2nd period - Stopped by Mike McKenna with a rebound.
1:38 of 2nd period - Luke Schenn is hit by Jonathan Sigalet and loses puck.
2:27 of 2nd period - Slapshot by Daniel Tjarnqvist.
2:27 of 2nd period - Stopped by Mike McKenna without a rebound.
2:28 of 2nd period - Brandon Dubinsky wins face-off versus Nate Thompson in Tamiflu zone.
2:39 of 2nd period - Wrist shot by Linus Omark.
2:39 of 2nd period - Shot Misses the Net.
2:41 of 2nd period - Slapshot by Mattias Ohlund.
2:41 of 2nd period - Shot Misses the Net.
2:43 of 2nd period - Snap shot by Linus Omark.
2:43 of 2nd period - Shot Misses the Net.
2:53 of 2nd period - Snap shot by Ryan Shannon.
2:53 of 2nd period - Shot Misses the Net.
2:57 of 2nd period - Snap shot by Brett Sutter.
2:57 of 2nd period - Stopped by Mike McKenna without a rebound.
2:58 of 2nd period - Radek Bonk wins face-off versus Brett Sutter in Tamiflu zone.
3:36 of 2nd period - Snap shot by Linus Omark.
3:36 of 2nd period - Shot Misses the Net.
3:47 of 2nd period - Off-side.
3:48 of 2nd period - Nate Thompson wins face-off versus John Zeiler in neutral zone.
3:51 of 2nd period - Wrist shot by Alex Picard.
3:51 of 2nd period - Deflect By Mike Brown.
3:51 of 2nd period - Shot Blocked by John Carlson.
3:51 of 2nd period - Puck is out of play.
3:52 of 2nd period - Brandon Dubinsky wins face-off versus Nate Thompson in Atomiques zone.
3:52 of 2nd period - Brandon Dubinsky is hit by Mike Brown.
4:08 of 2nd period - Wrist shot by Alex Picard.
4:08 of 2nd period - Stopped by Mark Dekanich with a rebound.
4:22 of 2nd period - Wrist shot by Carson Mcmillan.
4:22 of 2nd period - Stopped by Mark Dekanich with a rebound.
4:30 of 2nd period - Snap shot by Jonathan Sigalet.
4:30 of 2nd period - Shot Blocked by Brendon Nash.
5:00 of 2nd period - Luke Schenn is hit by Mike Brown and loses puck.
5:45 of 2nd period - Brad Winchester is hit by Radek Bonk and loses puck.
5:46 of 2nd period - Brad Winchester from Atomiques is injured at 5:46 of 2nd period (Bruised Right Shoulder).
5:47 of 2nd period - Brandon Dubinsky wins face-off versus Mike Brown in Atomiques zone.
5:52 of 2nd period - Wrist shot by Brandon Dubinsky.
5:52 of 2nd period - Stopped by Mike McKenna with a rebound.
5:54 of 2nd period - Snap shot by Linus Omark.
5:54 of 2nd period - Shot Misses the Net.
5:56 of 2nd period - Snap shot by Brandon Dubinsky.
5:56 of 2nd period - Stopped by Mike McKenna with a rebound.
5:58 of 2nd period - Snap shot by Alexandre Daigle.
5:58 of 2nd period - Shot Misses the Net.
6:00 of 2nd period - Snap shot by Linus Omark.
6:00 of 2nd period - Shot Misses the Net.
6:02 of 2nd period - Slapshot by Brendon Nash.
6:02 of 2nd period - Shot Blocked by Pavel Trnka.
6:19 of 2nd period - Slapshot by Pavel Trnka.
6:19 of 2nd period - Stopped by Mark Dekanich with a rebound.
6:21 of 2nd period - Snap shot by Carson Mcmillan.
6:21 of 2nd period - Goal by Carson Mcmillan - Tamiflu : 3 - Atomiques : 0.
6:22 of 2nd period - Nate Thompson wins face-off versus Brandon Dubinsky in neutral zone.
6:31 of 2nd period - Slapshot by Nate Thompson.
6:31 of 2nd period - Deflect By Alex Picard.
6:31 of 2nd period - Stopped by Mark Dekanich with a rebound.
6:33 of 2nd period - Slapshot by Jonathan Sigalet.
6:33 of 2nd period - Stopped by Mark Dekanich with a rebound.
6:58 of 2nd period - Wrist shot by John Zeiler.
6:58 of 2nd period - Shot Misses the Net.
7:12 of 2nd period - Minor Penalty to Jan Mursak for Holding.
7:13 of 2nd period - Brandon Dubinsky wins face-off versus Radek Bonk in Tamiflu zone.
7:28 of 2nd period - Radek Bonk is hit by Linus Omark.
7:38 of 2nd period - Backhand shot by John Zeiler.
7:38 of 2nd period - Deflect By Ryan Shannon.
7:38 of 2nd period - Goal by Ryan Shannon - Tamiflu : 3 - Atomiques : 1.
7:39 of 2nd period - Nate Thompson wins face-off versus Brandon Dubinsky in neutral zone.
7:49 of 2nd period - Pavel Trnka is hit by Brandon Dubinsky.
8:13 of 2nd period - Slapshot by Radek Bonk.
8:13 of 2nd period - Shot Misses the Net.
8:57 of 2nd period - Slapshot by Mike Brown.
8:57 of 2nd period - Shot Misses the Net.
9:06 of 2nd period - Minor Penalty to Scott Jackson for Holding.
9:07 of 2nd period - Tyler Brenner wins face-off versus Nate Thompson in Atomiques zone.
9:07 of 2nd period - Tyler Brenner is hit by Alex Picard.
10:32 of 2nd period - Nate Thompson is hit by John Carlson and loses puck.
11:06 of 2nd period - Penalty to Scott Jackson is over, Scott Jackson is back on ice.
11:18 of 2nd period - Snap shot by Greg Mauldin.
11:18 of 2nd period - Goal by Greg Mauldin - Tamiflu : 4 - Atomiques : 1.
11:19 of 2nd period - Brandon Dubinsky wins face-off versus Nate Thompson in neutral zone.
11:21 of 2nd period - Off-side.
11:22 of 2nd period - Nate Thompson wins face-off versus Alexandre Daigle in neutral zone.
11:50 of 2nd period - Wrist shot by John Zeiler.
11:50 of 2nd period - Shot Misses the Net.
11:52 of 2nd period - Slapshot by Daniel Tjarnqvist.
11:52 of 2nd period - Stopped by Mike McKenna without a rebound.
11:53 of 2nd period - Radek Bonk wins face-off versus Tyler Brenner in Tamiflu zone.
12:57 of 2nd period - John Carlson is hit by Petr Pohl and loses puck.
13:22 of 2nd period - Slapshot by Jonathan Sigalet.
13:22 of 2nd period - Shot Blocked by Scott Jackson.
13:35 of 2nd period - Brandon Dubinsky is hit by Mike Brown.
13:50 of 2nd period - Icing by Drew Larman.
13:51 of 2nd period - Brett Sutter wins face-off versus Adam Henrique in Atomiques zone.
13:58 of 2nd period - Snap shot by Ryan Shannon.
13:58 of 2nd period - Stopped by Mike McKenna with a rebound.
14:31 of 2nd period - Wrist shot by Pascal Pelletier.
14:31 of 2nd period - Shot Misses the Net.
15:02 of 2nd period - Snap shot by Brandon Dubinsky.
15:02 of 2nd period - Stopped by Mike McKenna without a rebound.
15:03 of 2nd period - Adam Henrique wins face-off versus Tyler Brenner in Tamiflu zone.
15:10 of 2nd period - Slapshot by Pavel Trnka.
15:10 of 2nd period - Stopped by Mark Dekanich with a rebound.
15:12 of 2nd period - Snap shot by Adam Henrique.
15:12 of 2nd period - Shot Blocked by Tyler Brenner.
15:30 of 2nd period - Wrist shot by Nate Thompson.
15:30 of 2nd period - Shot Misses the Net.
15:48 of 2nd period - Wrist shot by Alexandre Daigle.
15:48 of 2nd period - Shot Misses the Net.
15:50 of 2nd period - Snap shot by Alexandre Daigle.
15:50 of 2nd period - Shot Misses the Net.
15:52 of 2nd period - Slapshot by Brandon Dubinsky.
15:52 of 2nd period - Stopped by Mike McKenna with a rebound.
15:54 of 2nd period - Slapshot by Mattias Ohlund.
15:54 of 2nd period - Shot Misses the Net.
16:48 of 2nd period - Petr Pohl is hit by Alexandre Daigle and loses puck.
17:13 of 2nd period - Slapshot by Pavel Trnka.
17:13 of 2nd period - Stopped by Mark Dekanich without a rebound.
17:14 of 2nd period - Brandon Dubinsky wins face-off versus Nate Thompson in Atomiques zone.
18:26 of 2nd period - Scott Jackson is hit by Jordan Hendry.
18:52 of 2nd period - Minor Penalty to John Carlson for Tripping.
18:52 of 2nd period - Minor Penalty to Jonathan Sigalet for Diving.
18:53 of 2nd period - Brandon Dubinsky wins face-off versus Nate Thompson in Tamiflu zone.
18:58 of 2nd period - Snap shot by Mattias Ohlund.
18:58 of 2nd period - Shot Misses the Net.
19:04 of 2nd period - Slapshot by Alex Picard.
19:04 of 2nd period - Deflect By Linus Omark.
19:04 of 2nd period - Shot Misses the Net.
19:04 of 2nd period - Puck is out of play.
19:05 of 2nd period - Nate Thompson wins face-off versus Brandon Dubinsky in Atomiques zone.
19:08 of 2nd period - Snap shot by Alex Picard.
19:08 of 2nd period - Stopped by Mark Dekanich without a rebound.
19:09 of 2nd period - Brandon Dubinsky wins face-off versus Alex Picard in Atomiques zone.
19:16 of 2nd period - Snap shot by Brandon Dubinsky.
19:16 of 2nd period - Shot Misses the Net.
19:18 of 2nd period - Slapshot by Scott Jackson.
19:18 of 2nd period - Shot Blocked by Pavel Trnka.
19:20 of 2nd period - Snap shot by Brandon Dubinsky.
19:20 of 2nd period - Stopped by Mike McKenna without a rebound.
19:21 of 2nd period - Nate Thompson wins face-off versus Linus Omark in Tamiflu zone.
19:32 of 2nd period - Slapshot by Pavel Trnka.
19:32 of 2nd period - Deflect By Brandon Dubinsky.
19:32 of 2nd period - Stopped by Mark Dekanich with a rebound.
19:34 of 2nd period - Snap shot by Pavel Trnka.
19:34 of 2nd period - Stopped by Mark Dekanich without a rebound.
19:35 of 2nd period - Brandon Dubinsky wins face-off versus Nate Thompson in Atomiques zone.
3rd period
0:01 of 3rd period - Nate Thompson wins face-off versus Brandon Dubinsky in neutral zone.
0:04 of 3rd period - Snap shot by Nate Thompson.
0:04 of 3rd period - Shot Blocked by Mattias Ohlund.
0:06 of 3rd period - Snap shot by Nate Thompson.
0:06 of 3rd period - Shot Blocked by Mattias Ohlund.
0:08 of 3rd period - Slapshot by Pavel Trnka.
0:08 of 3rd period - Stopped by Mark Dekanich without a rebound.
0:09 of 3rd period - Brandon Dubinsky wins face-off versus Nate Thompson in Atomiques zone.
0:09 of 3rd period - Brandon Dubinsky is hit by Pavel Trnka.
0:27 of 3rd period - Snap shot by Pavel Trnka.
0:27 of 3rd period - Shot Blocked by Mattias Ohlund.
0:27 of 3rd period - Mattias Ohlund from Atomiques is injured at 0:27 of 3rd period (Fractured Bone in Right Hand).
0:28 of 3rd period - Brandon Dubinsky wins face-off versus Nate Thompson in Atomiques zone.
0:39 of 3rd period - Pavel Trnka is hit by Scott Jackson and loses puck.
0:52 of 3rd period - Penalty to John Carlson is over, John Carlson is back on ice.
0:52 of 3rd period - Penalty to Jonathan Sigalet is over, Jonathan Sigalet is back on ice.
1:02 of 3rd period - Snap shot by John Carlson.
1:02 of 3rd period - Stopped by Mike McKenna with a rebound.
1:04 of 3rd period - Backhand shot by Brendon Nash.
1:04 of 3rd period - Stopped by Mike McKenna without a rebound.
1:05 of 3rd period - Adam Henrique wins face-off versus Tyler Brenner in Tamiflu zone.
1:51 of 3rd period - Slapshot by Jordan Hendry.
1:51 of 3rd period - Deflect By Alexandre Daigle.
1:51 of 3rd period - Stopped by Mark Dekanich with a rebound.
2:07 of 3rd period - Slapshot by Pavel Trnka.
2:07 of 3rd period - Shot Blocked by Scott Jackson.
2:09 of 3rd period - Slapshot by Jan Mursak.
2:09 of 3rd period - Shot Misses the Net.
2:11 of 3rd period - Slapshot by Jonathan Sigalet.
2:11 of 3rd period - Stopped by Mark Dekanich without a rebound.
2:12 of 3rd period - Ryan Shannon wins face-off versus Nate Thompson in Atomiques zone.
2:12 of 3rd period - Ryan Shannon is hit by Mike Brown.
2:17 of 3rd period - Minor Penalty to Mike Brown for Charging.
2:18 of 3rd period - Radek Bonk wins face-off versus Brandon Dubinsky in Tamiflu zone.
2:18 of 3rd period - Radek Bonk is hit by Linus Omark.
3:26 of 3rd period - Pavel Trnka is hit by Daniel Tjarnqvist and loses puck.
4:17 of 3rd period - Penalty to Mike Brown is over, Mike Brown is back on ice.
4:32 of 3rd period - Brendon Nash is hit by David Clarkson and loses puck.
5:21 of 3rd period - Kenndal McArdle is hit by Petr Pohl and loses puck.
5:27 of 3rd period - Icing by Scott Jackson.
5:28 of 3rd period - Adam Henrique wins face-off versus Tyler Brenner in Atomiques zone.
5:53 of 3rd period - Tyler Brenner is hit by Alex Picard and loses puck.
6:02 of 3rd period - Snap shot by Alex Picard.
6:02 of 3rd period - Shot Misses the Net.
6:50 of 3rd period - Snap shot by Linus Omark.
6:50 of 3rd period - Shot Misses the Net.
7:02 of 3rd period - Jonathan Sigalet is hit by Pascal Pelletier and loses puck.
8:04 of 3rd period - John Carlson is hit by Jonathan Sigalet and loses puck.
8:15 of 3rd period - Alexandre Daigle is hit by Petr Pohl and loses puck.
8:44 of 3rd period - Icing by Radek Bonk.
8:45 of 3rd period - Drew Larman wins face-off versus Petr Pohl in Tamiflu zone.
8:52 of 3rd period - Jan Mursak is hit by Ryan MacMurchy and loses puck.
9:07 of 3rd period - Ryan Shannon is hit by Carson Mcmillan and loses puck.
9:12 of 3rd period - Wrist shot by Radek Bonk.
9:12 of 3rd period - Shot Misses the Net.
9:28 of 3rd period - Snap shot by Nate Thompson.
9:28 of 3rd period - Shot Misses the Net.
9:40 of 3rd period - John Carlson is hit by David Clarkson and loses puck.
9:59 of 3rd period - Drew Larman is hit by Johan Fransson and loses puck.
10:12 of 3rd period - Pascal Pelletier is hit by Petr Pohl and loses puck.
10:48 of 3rd period - Backhand shot by Adam Henrique.
10:48 of 3rd period - Goal by Adam Henrique - Tamiflu : 5 - Atomiques : 1.
10:49 of 3rd period - Brandon Dubinsky wins face-off versus Nate Thompson in neutral zone.
10:52 of 3rd period - Mike Brown is hit by Linus Omark.
11:00 of 3rd period - Alexandre Daigle is hit by Jonathan Sigalet.
11:19 of 3rd period - Wrist shot by Radek Bonk.
11:19 of 3rd period - Shot Misses the Net.
11:33 of 3rd period - Wrist shot by Pascal Pelletier.
11:33 of 3rd period - Stopped by Mike McKenna with a rebound.
11:35 of 3rd period - Wrist shot by Drew Larman.
11:35 of 3rd period - Stopped by Mike McKenna with a rebound.
11:37 of 3rd period - Slapshot by Alexandre Daigle.
11:37 of 3rd period - Deflect By Ryan MacMurchy.
11:37 of 3rd period - Shot Misses the Net.
11:37 of 3rd period - Puck is out of play.
11:38 of 3rd period - Greg Mauldin wins face-off versus Brandon Dubinsky in Tamiflu zone.
11:38 of 3rd period - Luke Schenn beats up Greg Mauldin.
11:38 of 3rd period - Penalty to Luke Schenn for Fighting.
11:38 of 3rd period - Penalty to Greg Mauldin for Fighting.
11:39 of 3rd period - Brandon Dubinsky wins face-off versus Mike Brown in Tamiflu zone.
12:30 of 3rd period - Snap shot by Ryan Shannon.
12:30 of 3rd period - Shot Blocked by Nathan Oystrick.
12:32 of 3rd period - Slapshot by Scott Jackson.
12:32 of 3rd period - Stopped by Mike McKenna with a rebound.
12:34 of 3rd period - Snap shot by Ryan Shannon.
12:34 of 3rd period - Stopped by Mike McKenna with a rebound.
12:46 of 3rd period - Pascal Pelletier is hit by Nate Thompson.
13:23 of 3rd period - Snap shot by Adam Henrique.
13:23 of 3rd period - Shot Blocked by Brendon Nash.
13:53 of 3rd period - Slapshot by John Carlson.
13:53 of 3rd period - Deflect By Pavel Trnka.
13:53 of 3rd period - Stopped by Mike McKenna with a rebound.
14:35 of 3rd period - Icing by Ryan MacMurchy.
14:36 of 3rd period - Radek Bonk wins face-off versus Drew Larman in Atomiques zone.
15:36 of 3rd period - Off-side.
15:37 of 3rd period - Nate Thompson wins face-off versus Tyler Brenner in neutral zone.
15:40 of 3rd period - Wrist shot by Mike Brown.
15:40 of 3rd period - Stopped by Mark Dekanich without a rebound.
15:41 of 3rd period - Nate Thompson wins face-off versus Tyler Brenner in Atomiques zone.
15:53 of 3rd period - Icing by John Carlson.
15:54 of 3rd period - Linus Omark wins face-off versus Nate Thompson in Atomiques zone.
16:18 of 3rd period - Wrist shot by Linus Omark.
16:18 of 3rd period - Shot Blocked by Pavel Trnka.
16:20 of 3rd period - Slapshot by John Zeiler.
16:20 of 3rd period - Stopped by Mike McKenna without a rebound.
16:21 of 3rd period - Ryan Shannon wins face-off versus Radek Bonk in Tamiflu zone.
17:05 of 3rd period - Wrist shot by Petr Pohl.
17:05 of 3rd period - Shot Misses the Net.
17:19 of 3rd period - Slapshot by John Carlson.
17:19 of 3rd period - Stopped by Mike McKenna with a rebound.
17:21 of 3rd period - Wrist shot by Drew Larman.
17:21 of 3rd period - Shot Misses the Net.
17:23 of 3rd period - Slapshot by Brendon Nash.
17:23 of 3rd period - Stopped by Mike McKenna without a rebound.
17:24 of 3rd period - Adam Henrique wins face-off versus Tyler Brenner in Tamiflu zone.
17:51 of 3rd period - Wrist shot by Nate Thompson.
17:51 of 3rd period - Shot Misses the Net.
18:15 of 3rd period - Wrist shot by Alexandre Daigle.
18:15 of 3rd period - Stopped by Mike McKenna without a rebound.
18:16 of 3rd period - Nate Thompson wins face-off versus Alexandre Daigle in Tamiflu zone.
18:29 of 3rd period - Snap shot by Mike Brown.
18:29 of 3rd period - Shot Blocked by Alexandre Daigle.
18:31 of 3rd period - Slapshot by Jonathan Sigalet.
18:31 of 3rd period - Shot Misses the Net.
18:41 of 3rd period - Brendon Nash is hit by Pavel Trnka and loses puck.
19:45 of 3rd period - Slapshot by Brendon Nash.
19:45 of 3rd period - Deflect By Ryan Shannon.
19:45 of 3rd period - Shot Misses the Net.
19:45 of 3rd period - Puck is out of play.
19:46 of 3rd period - Adam Henrique wins face-off versus Brett Sutter in Tamiflu zone.
19:51 of 3rd period - Slapshot by Ryan Shannon.
19:51 of 3rd period - Stopped by Mike McKenna without a rebound.
19:52 of 3rd period - Brandon Dubinsky wins face-off versus Nate Thompson in Tamiflu zone.
Output by the SimonT Hockey Simulator (STHS) for François Prévost -- Original Page W3C XHTML 1.0 Valid